 Dungeon Crawl Stone Soup version 0.32-a0-872-g59262bdc9b (webtiles) character file.

Game seed: 17182006455188302392

35 Elsrick the Cudgeller (level 3, -3/24 HPs)
             Began as a Demonspawn Wanderer on Mar 30, 2024.
             Slain by Natasha (4 damage)
             ... on level 2 of the Dungeon.
             The game lasted 00:03:20 (1039 turns).

Elsrick the Cudgeller (Demonspawn Wanderer)         Turns: 1039, Time: 00:03:21

Health: -3/24      AC:  6    Str: 19    XL:     3   Next: 16%
Magic:  3/3        EV:  9    Int:  9    God:
Gold:   23         SH:  0    Dex: 12    Spells: 2/2 levels left

rFire   . . .        a - +2 mace
rCold   . . .        (no shield)
rNeg    . . .        c - +0 scale mail
rPois   .            (no helmet)
rElec   .            (no cloak)
rCorr   .            (no gloves)
SInv    .            (no boots)
Will    .....        (no amulet)
Stlth   +            (no ring)
HPRegen 0.24/turn    (no ring)
MPRegen 0.08/turn

%: no passive effects
@: about to teleport
A: thin skeletal structure 1, powered by pain 1
a: no special abilities


You were on level 2 of the Dungeon.
You visited 1 branch of the dungeon, and saw 2 of its levels.

You collected 23 gold pieces.

Inventory:

Hand Weapons
 a - a +2 mace (weapon)
Armour
 c - a +0 scale mail (worn)
Talismans
 h - a maw talisman
Scrolls
 b - a scroll of teleportation
 d - a scroll of fog
 g - a scroll of enchant armour {unknown}
 j - a scroll of identify {unknown}
Potions
 e - 2 potions of curing {unknown}
 f - a potion of heal wounds {unknown}
 i - a potion of degeneration {unknown}


   Skills:
 * Level 0.1 Fighting
 + Level 4.4 Maces & Flails
 - Level 1.0 Throwing
 + Level 2.1 Armour
 + Level 1.8 Dodging
 + Level 1.0 Evocations


You had 2 spell levels left.
You didn't know any spells.
Your spell library contained the following spells:

 Spells                   Type           Power      Damage    Failure   Level
 Kiss of Death            Conj/Necr      0%         2d5       77%         1


Dungeon Overview and Level Annotations

Branches:
Dungeon (2/15)

Altars:

Annotations:
D:2 Natasha


Innate Abilities, Weirdness & Mutations

You have a somewhat thin skeletal structure. (Dex +2, Stealth+)
You sometimes gain a little power by taking damage.


Message History

Natasha claws you but does no damage. The cerulean imp closely misses you.
Natasha stares at you and mumbles some strange words.
The magic dart hits you.
You hit Natasha.
Natasha is moderately wounded.
The cerulean imp hits you but does no damage.
Natasha mumbles some strange words.
The hobgoblin hits you.
You hit Natasha.
Natasha is heavily wounded.
The cerulean imp hits you but does no damage.
Natasha claws you. The hobgoblin completely misses you.
The cerulean imp hits you but does no damage.
You completely miss Natasha.
Natasha is heavily wounded.
Natasha claws you.
The cerulean imp hits you but does no damage.
The hobgoblin hits you.
* * * LOW HITPOINT WARNING * * *
The cerulean imp hits you from afar with a +1 spear.
* * * LOW HITPOINT WARNING * * *
As you read the scroll of teleportation, it crumbles to dust.
You feel strangely unstable.
Natasha stares at you and mumbles some strange words.
You resist with significant effort.
The cerulean imp hits you from afar with a +0 spear.
* * * LOW HITPOINT WARNING * * *
The hobgoblin hits you but does no damage.
The cerulean imp hits you from afar with a +1 spear.
* * * LOW HITPOINT WARNING * * *
The cerulean imp attacks as it pursues you!
The cerulean imp hits you but does no damage.
The cerulean imp hits you from afar with a +1 spear.
* * * LOW HITPOINT WARNING * * *
Natasha attacks as she pursues you! Natasha claws you.
* * * LOW HITPOINT WARNING * * *
The cerulean imp hits you but does no damage.
Natasha claws you.
You die...
Natasha curls up and begins to purr.

#.# #..## #. #.# ##..##
#.###### #.# ##...
#......# #.# #....
#......# #.######....
######......###.).........
#......5........######....
....$...g^.....## #....<
#......5h@.....#### #....)
.......##.........###.#.#.
..##### #.................
#.....^^^..^......
#..#.#.#P_.#.#.#..
#..#.#P#####.#.#..
#...#.#....P#.#...
##...#.#####.#...#
##..P#.....#.....


You could see Natasha, 2 cerulean imps and a hobgoblin.

Vanquished Creatures
  5 bats
  3 endoplasms (D:1)
  3 giant cockroaches
  A goblin (D:1)
  3 hobgoblins (D:1)
  2 quokkas (D:1)
  5 ball pythons
  3 frilled lizards
  4 kobolds
  2 rats (D:1)
31 creatures vanquished.

Notes
Turn   | Place    | Note
-------+----------+-------------------------------------------
     0 | D:1      | Elsrick the Demonspawn Wanderer began the quest for the
                  | Orb.
     0 | D:1      | Elsrick set off with the following items: a +2 mace, a
                  | scroll of teleportation, a +0 scale mail, a scroll of fog.
     0 | D:1      | Reached XP level 1. HP: 13/13 MP: 1/1
   162 | D:1      | Reached skill level 4 in Maces & Flails
   162 | D:1      | Gained mutation: You have a somewhat thin skeletal
                  | structure. (Dex +2, Stealth+) [demonic ancestry]
   162 | D:1      | Reached XP level 2. HP: 18/19 MP: 2/2
   887 | D:2      | Gained mutation: You sometimes gain a little power by
                  | taking damage. [demonic ancestry]
   887 | D:2      | Reached XP level 3. HP: 24/24 MP: 3/3
   968 | D:2      | Found a faded altar of an unknown god.
   975 | D:2      | Got Plato's Directory of Misery
  1027 | D:2      | Noticed Natasha
  1039 | D:2      | HP: 1/24 [Natasha (2)]
  1039 | D:2      | Slain by Natasha

Illustrated notes

Levels and vault maps discovered:
D:1:      wheals_arrival_shading, layout_loops_ring
D:2:      layout_basic, shapermc_ecumenical_altar_rom_forum, uniq_natasha

Skill      XL: |  1  2 |
---------------+-------+-----
Maces & Flails | 4 |  4.4
Armour         | 2 |  2.1
Fighting       | |  0.1
Throwing       | |  1.0
Dodging        | |  1.8
Evocations     | |  1.0

Action                     || total
---------------------------++-------
  Melee: Mace              ||    73
    Use: Scroll            ||     1
 Armour: Scale mail        ||    78
  Dodge: Dodged            ||    46

Table legend: (Time is in decaauts)
 A = Elapsed time spent in this place.
 B = Non-inter-level travel time spent in this place.
 C = Inter-level travel time spent in this place.
 D = Time resting spent in this place.
 E = Time spent auto-exploring this place.
 F = Levels seen in this place.
 G = Mean time per level.
                   A        B        C        D        E       F      G
               +--------+--------+--------+--------+--------+-----+--------+
         Total |   1053 |    990 |     63 |     58 |    689 |   2 |  526.5 |
       Dungeon |   1053 |    990 |     63 |     58 |    689 |   2 |  526.5 |
               +--------+--------+--------+--------+--------+-----+--------+

Top non-repeatable levels by time:
     D:1: 873 daAuts
     D:2: 180 daAuts
